AoeStats
← Elpinchecharly

Golden Pit

509277151Analyzed
1v1 RM · 5d ago on Sep 26, 2026· 26m 51s· 2 players
Game mode
Random Map
Map size
Tiny (2 player)
Population
200
Speed
Normal
Resources
Standard
Victory
Conquest
Starting age
Dark Age
Ending age
Imperial Age
RankedLock teamsTeams togetherTeam positionsShared explorationLock speedFull tech treeHidden civsTurbo modeCheats
Victory
Defeat
🇲🇽 Varangians · Mexico
1163
+18
🇲🇽 Sicilians · Mexico
1207
-18
JiKen
0:50 Loom
9:50 Feudal Age
13:20 Double-Bit Axe
26:41 Castle Age
Elpinchecharly
6:53 Loom
14:43 Feudal Age
15:22 Town Watch
16:52 Double-Bit Axe
16:59 Stone Mining
20:51 Fletching
Connection lost

Rejoining the realm…

Still unreachable

The connection could not be restored.

Session expired

The server has moved on; the page needs a fresh start.